 Dungeon Crawl Stone Soup version 0.22-a0-274-gf8199ec (webtiles) character file.

153 nikopol the Firebug (level 5, -2/28 HPs)
             Began as a Deep Elf Fire Elementalist on Mar 14, 2018.
             Slain by a bullfrog zombie (7 damage)
             ... on level 4 of the Dungeon.
             The game lasted 00:07:24 (2754 turns).

nikopol the Firebug (Deep Elf Fire Elementalist)    Turns: 2754, Time: 00:07:24

Health: -2/28      AC:  3    Str:  5    XL:     5   Next: 12%
Magic:  7/13       EV: 14    Int: 21    God:
Gold:   187        SH:  0    Dex: 19    Spells: 2/12 levels left

rFire    . . .     SeeInvis .   n - +1 dagger (venom)
rCold    . . .     Gourm    .   (no shield)
rNeg     . . .     Faith    .   a - +0 robe
rPois    .         Spirit   .   (no helmet)
rElec    .         Reflect  .   (no cloak)
rCorr    .         Harm     .   q - +0 pair of gloves
MR       .....                  (no boots)
Stlth    +++.......             j - amulet of the acrobat
HPRegen  0.09/turn              h - +4 ring of dexterity
MPRegen  0.13/turn              (no ring)

@: no status effects
A: no striking features
a: no special abilities


You were on level 4 of the Dungeon.
You were hungry.

You visited 1 branch of the dungeon, and saw 4 of its levels.

You collected 187 gold pieces.

Inventory:

Hand Weapons
 n - a +1 dagger of venom (weapon)
 v - a +0 dagger of freezing
Armour
 a - a +0 robe (worn)
 q - a +0 pair of gloves (worn)
Jewellery
 h - a +4 ring of dexterity (left hand)
 j - an amulet of the acrobat (around neck)
 A - an uncursed amulet of faith {unknown}
Scrolls
 b - a scroll of enchant armour {unknown}
 d - a scroll of magic mapping {unknown}
 e - 3 scrolls of remove curse {unknown}
 f - a scroll of fog {unknown}
 g - a scroll of teleportation {unknown}
 m - a scroll of amnesia {unknown}
 o - 3 scrolls of enchant weapon {unknown}
 p - 3 scrolls of identify {unknown}
 x - a scroll of random uselessness {unknown}
 y - a scroll of blinking {unknown}
Potions
 i - a potion of agility {unknown}
 k - a potion of brilliance {unknown}
 l - 3 potions of curing {unknown}
 r - a potion of might {unknown}
 s - a potion of ambrosia {unknown}
 t - 3 potions of mutation {unknown}
 w - a potion of lignification {unknown}
 z - a potion of degeneration {unknown}
Comestibles
 c - 8 rations
 u - 3 chunks of flesh


   Skills:
 + Level 3.0 Dodging
 + Level 3.0 Stealth
 + Level 4.2 Spellcasting
 + Level 2.3 Conjurations
 + Level 4.9 Fire Magic


You had 2 spell levels left.
You knew the following spells:

 Your Spells              Type           Power        Failure   Level  Hunger
a - Flame Tongue          Conj/Fire      ###..        2%          1    None
b - Throw Flame           Conj/Fire      ###...       4%          2    #......
c - Conjure Flame         Conj/Fire      ###.....     8%          3    ###....
d - Sticky Flame          Conj/Fire      ###.....     26%         4    ####...


Dungeon Overview and Level Annotations

Branches:
Dungeon (4/15)
 Temple: D:4-7

Altars:
Cheibriados
Makhleb
Xom
Zin
The Shining One


Message History

Casting: Flame Tongue (safe; 2% risk of failure)
Confirm with . or Enter, or press ? or * to list all spells.
Aiming: Flame Tongue (safe; 2% risk of failure)
Press: ? - help, Shift-Dir - straight line, f/p - bullfrog zombie
Aim: a bullfrog zombie (severely damaged)
The flame tongue hits the bullfrog zombie.
The bullfrog zombie is severely damaged.
The bullfrog zombie hits you.
* * * LOW HITPOINT WARNING * * *
Casting: Flame Tongue (safe; 2% risk of failure)
Confirm with . or Enter, or press ? or * to list all spells.
Aiming: Flame Tongue (safe; 2% risk of failure)
Press: ? - help, Shift-Dir - straight line, f/p - bullfrog zombie
Aim: a bullfrog zombie (severely damaged)
The flame tongue hits the bullfrog zombie.
The bullfrog zombie is almost destroyed.
The bullfrog zombie hits you.
* * * LOW HITPOINT WARNING * * *
The bullfrog zombie hits you!
You die...

#........##.#####....#.##'###
#........##.....#.##.#.##.#
#........######.#.......#.#
#....^...# #...#..#.#..#.#
#........# #.###.......#.#
#......>.# #.###....##.#.#
#........# #.#.......#...#
#Z#.#...#.#########
#.@.#####.#<......# #####
#.#######.# #.........#
###########


You could see a bullfrog zombie.

Vanquished Creatures
  2 worker ants
  4 gnolls
  An adder (D:4)
  An ooze (D:3)
  A worm (D:2)
  3 dart slugs (D:1)
  4 orcs
  2 giant cockroaches
  3 goblins
  5 hobgoblins
  A jackal (D:1)
  6 kobolds
  6 bats
  3 frilled lizards
  4 rats
46 creatures vanquished.

Notes
Turn   | Place    | Note
-------+----------+-------------------------------------------
     0 | D:1      | nikopol the Deep Elf Fire Elementalist began the quest for the Orb.
     0 | D:1      | Reached XP level 1. HP: 10/10 MP: 6/6
   400 | D:1      | Reached XP level 2. HP: 15/15 MP: 4/8
   920 | D:2      | Learned a level 2 spell: Throw Flame
   939 | D:2      | Found a burning altar of Makhleb.
   940 | D:2      | Found a shimmering altar of Xom.
  1089 | D:2      | Reached XP level 3. HP: 13/19 MP: 0/9
  1318 | D:2      | Learned a level 3 spell: Conjure Flame
  1943 | D:2      | Found a glowing silver altar of Zin.
  1943 | D:2      | Noticed an angel
  2044 | D:3      | Reached XP level 4. HP: 24/24 MP: 7/11
  2318 | D:3      | Found a glowing golden altar of the Shining One.
  2381 | D:3      | Found a snail-covered altar of Cheibriados.
  2655 | D:4      | Reached XP level 5. HP: 28/28 MP: 9/13
  2665 | D:4      | Learned a level 4 spell: Sticky Flame
  2754 | D:4      | Slain by a bullfrog zombie

Vault maps used:
D:1:      minmay_arrival_stone_box, nrook_uturn, minmay_pentomino_t4
D:2:      grunt_temple_overflow_open, zin_angel, first_ration
D:3:      nicolae_tso_swordbearing_angel, nicolae_overflow_crystal_walls,
          grunt_ministairs_1

Skill      XL: |  1  2  3  4  5 |
---------------+----------------+-----
Fire Magic     | 4 |  4.9
Dodging        | 3 |  3.0
Conjurations   | 2 |  2.3
Spellcasting   | 4 |  4.2
Stealth        | 3 |  3.0

Action                   |  1- 3 |  4- 6 || total
-------------------------+-------+-------++-------
 Cast: Flame Tongue      |    53 |    44 ||    97
       Throw Flame       |     4 |       ||     4
       Conjure Flame     |     1 |       ||     1
  Eat: Chunk             |     3 |     2 ||     5
Armor: Robe              |     1 |     3 ||     4
Dodge: Dodged            |    11 |    34 ||    45

Table legend:
 A = Spawn XP
 B = Non-spawn XP
 C = Spawn XP percentage of total XP
 D = Spawn monster count
 E = Non-spawn monster count
 F = Spawn count percentage of total count
 G = Total turns spent on level
                    A         B        C        D         E        F      G
               +---------+---------+-------+---------+---------+-------+---------
         Total |       0 |     219 |   0.0 |       0 |      46 |   0.0 |  2754
               +---------+---------+-------+---------+---------+-------+---------
           D:1 |       0 |      23 |   0.0 |       0 |       9 |   0.0 |  1119
           D:2 |       0 |      64 |   0.0 |       0 |      13 |   0.0 |   885
           D:3 |       0 |      68 |   0.0 |       0 |      20 |   0.0 |   523
           D:4 |       0 |      64 |   0.0 |       0 |       4 |   0.0 |   227
               +---------+---------+-------+---------+---------+-------+---------
